 Dungeon Crawl Stone Soup version 0.27-a0-262-gc50aac273e (webtiles) character file.

Game seed: 3589177488725537109

135 Borgoz the Skirmisher (level 5, -1/33 HPs)
             Began as a Gargoyle Berserker on Feb 5, 2021.
             Was a Believer of Trog.
             Killed from afar by an orc wizard (12 damage)
             ... with a puff of flame
             ... on level 3 of the Dungeon.
             The game lasted 00:01:28 (2308 turns).

Borgoz the Skirmisher (Gargoyle Berserker)          Turns: 2308, Time: 00:01:28

Health: -1/33      AC:  6    Str: 20    XL:     5   Next: 18%
Magic:  5/5        EV: 12    Int:  8    God:    Trog [**....]
Gold:   168        SH:  0    Dex: 10    Spells: 4/4 levels left

rFire    . . .     SeeInvis .   a - +0 mace
rCold    . . .     Faith    .   (no shield)
rNeg     + . .     Spirit   .   b - +0 animal skin
rPois    ∞         Reflect  .   (no helmet)
rElec    +         Harm     .   (no cloak)
rCorr    .         Rampage  .   (no gloves)
Will     ++...                  (no boots)
Stlth    +.........             (no amulet)
HPRegen  1.11/turn              (no ring)
MPRegen  0.09/turn              (no ring)

@: berserk cooldown, regenerating, slowed, very slow
A: negative energy resistance 1, electricity resistance, unbreathing,
petrification resistance, miasma immunity, AC +4
a: Renounce Religion, Berserk, Trog's Hand


You were on level 3 of the Dungeon.
You worshipped Trog.
Trog was pleased with you.
You visited 1 branch of the dungeon, and saw 3 of its levels.

You collected 168 gold pieces.

Inventory:

Hand Weapons
 a - a +0 mace (weapon)
Armour
 b - a +0 animal skin (worn)
Jewellery
 c - an uncursed ring of resist corrosion {unknown}
 h - a +6 ring of strength {unknown}
 j - an uncursed amulet of guardian spirit {unknown}
Scrolls
 d - 2 scrolls of amnesia {unknown}
 g - a scroll of random uselessness {unknown}
 i - 2 scrolls of enchant weapon {unknown}
 l - a scroll of blinking {unknown}
 n - a scroll of identify {unknown}
 p - a scroll of remove curse {unknown}
Potions
 e - 2 potions of might {unknown}
 f - a potion of mutation {unknown}
 k - a potion of degeneration {unknown}
 m - a potion of brilliance {unknown}
 o - 2 potions of curing {unknown}


   Skills:
 + Level 4.2 Fighting
 + Level 3.8 Maces & Flails
 + Level 3.4 Armour
 + Level 2.5 Dodging


You had 4 spell levels left.
You didn't know any spells.
Your spell library was empty.

Dungeon Overview and Level Annotations

Branches:
Dungeon (3/15)

Altars:


Innate Abilities, Weirdness & Mutations

You are resistant to torment.
Your stone body is resilient. (AC +4)
You are immune to poison.
You resist negative energy. (rN+)
You are resistant to electric shocks. (rElec)
You can survive without breathing.
You are immune to petrification.
You are immune to miasma.


Message History

The orc hits you but does no damage. The orc misses you.
Something hits you but does no damage. The orc misses you. Something hits you.
The orc hits you.
* * * LOW HITPOINT WARNING * * *
The orc closely misses you.
You hit the orc.
You kill the orc!
Trog accepts your kill.
The orc hits you with a +0 whip of electrocution.
* * * LOW HITPOINT WARNING * * *
The orc barely misses you. Something hits you but does no damage.
The orc closely misses you. Something hits you.
* * * LOW HITPOINT WARNING * * *
The orc closely misses you. The orc misses you.
An orc wizard appears from thin air!
Reactivating autopickup.
The orc wizard points at you and mumbles some strange words.
The puff of flame hits you!
You die...

... #.. #.# #...
#.# ...# ... #...
#.# ###.#.###.#
......##.# #
#.#...#@#
##.#....oo.# #
.........o.### .#
[.......)....#..#
##..............###
......)....<.......
##..=......########
####.....## ##...##


You could see an orc wizard and 2 orcs.

Vanquished Creatures
  An orc priest (D:3)
  5 adders (D:2)
  A gnoll (D:1)
  A worm (D:2)
  2 dart slugs (D:2)
  An orc (D:3)
  6 hobgoblins (D:1)
  7 jackals (D:2)
  2 ball pythons (D:2)
  8 bats
  2 frilled lizards (D:2)
  4 goblins
  4 kobolds
  3 rats
47 creatures vanquished.

Notes
Turn   | Place    | Note
-------+----------+-------------------------------------------
     0 | D:1      | Borgoz the Gargoyle Berserker began the quest for the Orb.
     0 | D:1      | Reached XP level 1. HP: 14/14 MP: 1/1
   272 | D:1      | Reached XP level 2. HP: 19/19 MP: 2/2
   654 | D:1      | Reached XP level 3. HP: 16/23 MP: 3/3
  1138 | D:2      | Reached ** piety under Trog
  1360 | D:2      | Reached XP level 4. HP: 20/29 MP: 4/4
  1863 | D:2      | Reached skill level 4 in Fighting
  2297 | D:3      | Reached XP level 5. HP: 33/33 MP: 5/5
  2308 | D:3      | Killed from afar by an orc wizard

Illustrated notes

Levels and vault maps discovered:
D:1:      minmay_arrival_split_and_join, layout_basic, minmay_close_crescents
D:2:      layout_basic, hangedman_decor_clover_reticule, kennysheep_donut,
          hex_large
D:3:      layout_loops_ring, grunt_temple_overflow_lords_of_destruction,
          minmay_misc_feat_ornament, kennysheep_generic_room_14

Skill      XL: |  1  2  3  4 |
---------------+-------------+-----
Dodging        | 2 |  2.5
Armour         | 3 |  3.4
Fighting       | 4 |  4.2
Maces & Flails | |  3.8

Action                   |  1- 3 |  4- 6 || total
-------------------------+-------+-------++-------
Melee: Mace              |   100 |    56 ||   156
Invok: Berserk           |     3 |     2 ||     5
       Trog's Hand       |       |     1 ||     1
Armor: Animal skin       |    60 |    23 ||    83
Dodge: Dodged            |   111 |    59 ||   170

Table legend: (Time is in decaauts)
 A = Elapsed time spent in this place.
 B = Non-inter-level travel time spent in this place.
 C = Inter-level travel time spent in this place.
 D = Time resting spent in this place.
 E = Time spent auto-exploring this place.
 F = Levels seen in this place.
 G = Mean time per level.
                   A        B        C        D        E       F      G
               +--------+--------+--------+--------+--------+-----+--------+
         Total |   2379 |   2306 |     73 |    105 |   1878 |   3 |  793.0 |
       Dungeon |   2379 |   2306 |     73 |    105 |   1878 |   3 |  793.0 |
               +--------+--------+--------+--------+--------+-----+--------+

Top non-repeatable levels by time:
     D:2: 1223 daAuts
     D:1: 1135 daAuts
     D:3: 20 daAuts
